Map: Catalyst LE

Players

RiSky - Winner!

  • Race: Zerg Zerg
  • Spawn Location: 5:00

NoRegreT

  • Race: Zerg Zerg
  • Spawn Location: 11:00

Event: IEM Season 12 - Katowice

VOD

Have the link to the VOD?

Description

Time

  • Played on: Feb. 27, 2018, 5:30 a.m.
  • Length: 14:03

All games in this series

Show
View Real Time Build Order
Export as new Build Order

RiSky Zerg - Winner!

Build Orders: Pool First 

Get SALT Encoding   

  12  0:01  Drone  
  13  0:12  Overlord  
  13  0:17  Drone  
  14  0:30  Drone x2  
  16  0:40  Spawning Pool  
  15  0:45  Drone  
  15  0:48  Drone  
  17  1:09  Hatchery  
  16  1:12  Drone  
  17  1:27  Zergling x2  
  17  1:29  Zergling x4  
  17  1:31  Queen  
  22  1:43  Spine Crawler  
  22  1:44  Zergling x2  
  22  1:53  Extractor  
  21  1:57  Zergling x2  
  22  2:07  Zergling x2  
  22  2:13  Overlord  
  22  2:20  Queen  
  22  2:22  Drone, Queen  
  28  2:33  Drone  
  29  2:37  Zergling x2  
  29  2:41  Spine Crawler  
  29  2:43  Drone  
  29  2:44  Overlord  
  30  2:48  Drone  
  31  2:54  Drone  
  32  2:58  Metabolic Boost  
  33  3:06  Drone  
  33  3:09  Drone x3  
  37  3:16  Overlord  
  36  3:25  Drone x2  
  38  3:29  Drone  
  38  3:30  Drone x3  
  42  3:36  Baneling Nest  
  41  3:42  Zergling x4  
  41  3:47  Zergling x4  
  45  3:50  Overlord  
  45  3:53  Zergling x2  
  46  3:59  Evolution Chamber  
  46  4:02  Roach Warren  
  44  4:09  Drone x2  
  47  4:10  Drone  
  47  4:16  Drone  
  47  4:17  Drone x3  
  49  4:21  Overlord, Baneling  
  49  4:23  Baneling x2  
  51  4:27  Drone  
  51  4:30  Drone  
  53  4:34  Drone  
  54  4:44  Drone, Hatchery  
  53  4:47  Drone  
  53  4:50  Extractor  
  53  4:51  Queen  
  55  4:57  Roach x3  
  57  5:00  Roach  
  57  5:06  Zergling x6  
  62  5:08  Extractor  
  62  5:11  Roach  
  63  5:18  Zergling x10  
  63  5:19  Overlord  
  64  5:22  Overlord  
  64  5:26  Drone  
  64  5:29  Drone  
  65  5:36  Drone x2  
  65  5:37  Overlord  
  65  5:41  Overlord  
  67  5:43  Zerg Missile Weapons Level 1  
  67  5:51  Overlord  
  67  5:53  Overlord  
  66  5:57  Overlord  
  66  5:58  Drone  
  66  6:01  Lair  
  67  6:04  Baneling  
  67  6:05  Baneling x2  
  67  6:09  Overlord  
  67  6:13  Zergling x12  
  77  6:18  Roach x2  
  77  6:20  Roach  
  78  6:26  Roach x2  
  81  6:36  Roach x2  
  82  6:44  Ravager  
  82  6:46  Roach  
  80  6:53  Drone x2  
  78  6:55  Drone x2  
  78  6:56  Drone x2  
  78  6:59  Baneling x2  
  78  7:01  Drone x7  
  86  7:05  Zergling x4  
  91  7:14  Zergling x10  
  93  7:24  Zergling x10  
  93  7:34  Zergling x10  
  88  7:41  Roach x2  
  84  7:47  Roach x2  
  81  7:55  Roach x3  
  87  8:00  Roach x2  
  87  8:01  Baneling  
  87  8:03  Baneling x3  
  91  8:07  Roach  
  93  8:15  Roach x3  
  93  8:18  Roach x2  
  99  8:23  Roach x2  
  99  8:25  Glial Reconstitution  
  103  8:32  Roach x2  
  104  8:35  Roach  
  104  8:36  Roach  
  104  8:39  Roach  
  108  8:44  Roach x2  
  115  8:48  Roach x2  
  115  8:53  Roach x2  
  117  9:06  Drone x7  
  118  9:23  Drone x6  
  119  9:39  Overlord  
  119  9:42  Queen x2  
  119  9:43  Overlord  
  107  9:45  Zerg Missile Weapons Level 2  
  91  9:54  Roach x4  
  91  9:58  Spore Crawler x2  
  89  10:02  Roach x2  
  89  10:04  Queen  
  95  10:08  Roach x2  
  95  10:10  Roach  
  101  10:14  Roach  
  101  10:15  Roach  
  101  10:18  Roach x2  
  107  10:27  Roach x4  
  111  10:31  Spore Crawler  
  111  10:33  Zergling x10  
  115  10:38  Queen  
  117  10:44  Queen  
  115  10:56  Roach Warren  
  106  10:58  Queen  
  106  11:01  Overseer  
  96  11:14  Queen  
  93  11:20  Queen  
  93  11:21  Drone x8  
  89  11:29  Overlord  
  89  11:30  Extractor  
  89  11:31  Extractor  
  77  11:33  Queen, Extractor  
  77  11:37  Roach  
  77  11:38  Roach x5  
  87  11:42  Roach x2  
  87  11:46  Roach x2  
  95  11:49  Roach, Queen  
  95  11:51  Roach x2  
  95  11:52  Roach  
  105  11:56  Roach x2  
  105  12:00  Roach  
  111  12:04  Burrow  
  111  12:05  Tunneling Claws  
  111  12:11  Overlord  
  106  12:24  Overlord  
  106  12:26  Overlord x2  
  106  12:27  Overlord  
  106  12:28  Queen x2  
  110  12:37  Overlord x2  
  110  12:38  Spore Crawler  
  110  12:41  Spore Crawler  
  108  12:46  Overlord x2  
  106  12:58  Roach x7  
  117  13:02  Roach  
  119  13:10  Roach x2  
  119  13:11  Roach  
  119  13:12  Overseer  
  123  13:15  Roach x3  
  123  13:17  Roach  
  129  13:20  Roach  
  129  13:22  Ravager  
  129  13:23  Ravager x3  
  129  13:25  Roach  
  137  13:28  Roach  
  137  13:31  Roach  
  139  13:34  Roach x2  
  139  13:39  Roach x2  
  145  13:43  Roach  
Show
View Real Time Build Order
Export as new Build Order

NoRegreT Zerg 

Build Orders: Pool First 

Get SALT Encoding   

  12  0:18  Spawning Pool  
  11  0:21  Drone  
  11  0:26  Drone  
  13  0:30  Drone  
  14  0:39  Overlord  
  14  1:05  Queen, Zergling x6  
  19  1:16  Zergling x2  
  20  1:29  Hatchery  
  19  1:33  Extractor  
  19  1:35  Zergling x2  
  19  1:39  Zergling x2  
  20  1:49  Zergling x2  
  21  2:02  Zergling x2  
  20  2:13  Drone  
  21  2:21  Overlord  
  21  2:38  Metabolic Boost  
  21  2:39  Queen  
  21  2:40  Drone  
  24  2:44  Drone  
  24  2:49  Drone  
  26  2:54  Drone  
  27  3:01  Drone  
  28  3:12  Baneling Nest  
  27  3:15  Drone x2  
  29  3:20  Drone  
  29  3:23  Drone  
  29  3:27  Drone  
  32  3:30  Drone  
  32  3:34  Drone  
  34  3:36  Drone  
  35  3:43  Overlord  
  35  3:55  Baneling x3  
  35  4:02  Drone x2  
  37  4:10  Hatchery  
  37  4:13  Drone x2  
  37  4:16  Drone  
  38  4:17  Drone  
  38  4:24  Zergling x6  
  40  4:27  Zergling x2  
  40  4:29  Zergling x2  
  43  4:31  Baneling x2  
  43  4:32  Baneling  
  43  4:42  Zergling x2  
  44  4:47  Zergling x2  
  44  4:58  Overlord  
  43  5:06  Overlord  
  43  5:07  Hatchery  
  43  5:10  Zergling x2  
  43  5:14  Baneling x2  
  43  5:17  Zergling x4  
  43  5:18  Zergling x6  
  43  5:21  Zergling x2  
  48  5:23  Baneling  
  44  5:29  Zergling x8  
  44  5:33  Zergling x4  
  50  5:39  Lair  
  50  5:41  Zergling x4  
  52  5:47  Zergling x2  
  52  5:49  Spine Crawler  
  52  5:51  Zergling x2  
  52  5:54  Baneling  
  52  5:59  Zergling x6  
  52  6:00  Zergling x2  
  52  6:02  Zergling x4  
  52  6:03  Baneling  
  58  6:06  Drone  
  58  6:09  Drone  
  59  6:20  Drone x2  
  60  6:25  Drone x2  
  61  6:33  Drone x2  
  61  6:35  Drone x3  
  61  6:36  Drone x2  
  58  6:44  Drone x3  
  57  6:49  Extractor  
  57  6:50  Extractor  
  57  6:51  Extractor, Zergling x4  
  57  6:54  Zergling x4  
  57  6:55  Zergling x6  
  57  6:56  Zergling x4  
  57  6:59  Spine Crawler  
  61  7:03  Zergling x4  
  61  7:06  Zergling x2  
  64  7:09  Queen  
  64  7:14  Spire, Zergling x2  
  66  7:20  Zergling x2  
  66  7:21  Zergling x2  
  66  7:28  Zergling x2  
  65  7:33  Zergling x4  
  65  7:34  Zergling x4  
  65  7:36  Zergling x2  
  65  7:38  Zergling x2  
  65  7:39  Zergling x2  
  65  7:41  Zergling x4  
  62  7:44  Zergling x2  
  62  7:45  Zergling x2  
  62  7:51  Zergling x6  
  64  7:52  Zergling x2  
  65  7:59  Overlord  
  65  8:02  Overlord  
  65  8:04  Overlord  
  63  8:26  Mutalisk x2  
  63  8:27  Mutalisk  
  61  8:28  Mutalisk x3  
  61  8:29  Mutalisk  
  75  8:40  Mutalisk  
  77  8:50  Mutalisk  
  78  8:57  Spine Crawler  
  78  8:58  Spine Crawler x2, Baneling  
  73  9:03  Mutalisk  
  72  9:10  Mutalisk  
  66  9:19  Mutalisk  
  66  9:21  Zergling x8  
  66  9:22  Zergling x10  
  71  9:31  Mutalisk  
  71  9:33  Zergling x6  
  71  9:34  Zergling x6  
  73  9:50  Zergling x4  
  69  9:59  Drone x2  
  70  10:00  Roach Warren  
  70  10:04  Queen  
  71  10:12  Hatchery  
  70  10:14  Zergling x2  
  70  10:17  Zergling x2  
  72  10:21  Zergling x4  
  72  10:27  Zergling x4  
  75  10:33  Zergling x6  
  78  10:40  Zergling x2  
  76  10:43  Zergling x2  
  66  10:50  Zergling x2  
  62  10:59  Roach x3  
  62  11:04  Roach x2, Queen  
  69  11:09  Glial Reconstitution  
  70  11:16  Roach  
  71  11:24  Roach  
  73  11:28  Drone  
  74  11:39  Drone x2  
  76  11:42  Drone  
  77  11:50  Roach  
  77  11:51  Roach  
  81  11:55  Ravager x3  
  81  11:57  Ravager x2  
  84  12:05  Roach x2  
  84  12:18  Roach x4  
  90  12:27  Overlord  
  90  12:32  Overlord  
  90  12:35  Overlord  
  90  12:45  Roach  
  90  12:46  Roach x3  
  98  12:56  Roach x2  
  102  13:00  Roach x3  
  102  13:01  Roach x2  
  106  13:08  Roach x2  
  104  13:13  Roach  
  104  13:14  Roach  
  109  13:20  Roach  
  109  13:27  Roach x2  
  113  13:31  Ravager  

Tags
 
Add a new tag
Caveats
  • Supply blocks, unpowered buildings, or Contaminate may cause inaccurate times.
  • Supply counts are checked every 10 seconds.